 Dungeon Crawl Stone Soup version 0.20-a0-268-gb6bde61 (webtiles) character file.

7930 esc the Impaler (level 11, -13/90 HPs)
             Began as a Merfolk Gladiator on Dec 7, 2016.
             Was an Initiate of Fedhas.
             Mangled by a red ugly thing (18 damage)
             ... on level 10 of the Dungeon.
             The game lasted 00:35:17 (10297 turns).

esc the Impaler (Merfolk Gladiator)                Turns: 10297, Time: 00:35:17

Health: -13/90     AC:  8    Str: 16    XL:     11   Next: 22%
Magic:  0/11       EV: 20    Int:  9    God:    Fedhas [......]
Gold:   460        SH:  0    Dex: 16    Spells: 10/10 levels left

rFire  . . .     SeeInvis .     m - +0 halberd
rCold  . . .     Gourm    .     b - +0 leather armour
rNeg   . . .     Faith    .     (shield currently unavailable)
rPois  +         Spirit   +     y - +2 helmet
rElec  .         Reflect  .     H - +0 cloak {rPois}
rCorr  .         Harm     .     (no gloves)
MR     +....                    G - +0 pair of boots
Stlth  ++........               k - amulet of guardian spirit {Spirit}
                                v - ring of protection from magic {MR+, !d}
                                c - +3 ring of slaying (curse)

@: drained
A: change form in water, swift swim, stealthy swim, camouflage 1, mutation
resistance 1
a: Fungal Bloom, Renounce Religion


You were on level 10 of the Dungeon.
You worshipped Fedhas.
Fedhas was noncommittal.
You were not hungry.

You visited 2 branches of the dungeon, and saw 11 of its levels.

You collected 460 gold pieces.

Inventory:

Hand Weapons
 m - a +0 halberd (weapon)
   (You took it off a gnoll on level 1 of the Dungeon)
 L - a +0 trident
   (You took it off an orc on level 9 of the Dungeon)
Missiles
 d - 2 throwing nets (quivered) {=f, !d}
 r - 7 curare-tipped needles
 z - 56 poisoned needles
 C - 6 javelins
Armour
 b - a +0 leather armour (worn)
 y - a +2 helmet (worn)
   (You found it on level 3 of the Dungeon)
 G - a +0 pair of boots (worn)
   (You found it on level 5 of the Dungeon)
 H - a +0 cloak of poison resistance (worn)
   (You took it off Crazy Yiuf on level 7 of the Dungeon)
Jewellery
 c - a cursed +3 ring of slaying (left hand)
   (You found it on level 9 of the Dungeon)
 k - an amulet of guardian spirit (around neck) {Spirit}
   (You found it on level 1 of the Dungeon)
 s - a +3 ring of dexterity
   (You found it on level 2 of the Dungeon)
 v - a ring of protection from magic (right hand) {MR+, !d}
   (You found it on level 3 of the Dungeon)
 A - an uncursed ring of wizardry {Wiz+, !d}
   (You took it off a centaur warrior on level 9 of the Dungeon)
 I - an uncursed amulet of magic regeneration
   (You found it on level 8 of the Dungeon)
 Q - an uncursed ring of poison resistance {rPois, !d}
   (You found it on level 10 of the Dungeon)
Wands
 g - a wand of iceblast (3/15)
   (You found it on level 4 of the Dungeon)
 n - a wand of heal wounds (5/9)
   (You found it on level 6 of the Dungeon)
 w - a wand of disintegration (16/24)
   (You found it on level 8 of the Dungeon)
 J - a wand of lightning (2/15)
   (You found it on level 8 of the Dungeon)
 K - a wand of flame (5/48)
   (You found it on level 8 of the Dungeon)
Scrolls
 e - 4 scrolls of remove curse
 h - 3 scrolls of amnesia
 o - 2 scrolls of teleportation
 p - a scroll of recharging
Potions
 a - 2 potions of brilliance
 l - 2 potions of resistance
 q - a potion of invisibility
 x - 2 potions of magic
 B - 2 potions of curing
 E - a potion of cancellation
 M - a potion of lignification {!q}
Books
 F - a book of Minor Magic
   (You found it on level 7 of the Dungeon)
 N - a book of Geomancy
   (You found it on level 9 of the Dungeon)
Comestibles
 f - 7 bread rations {@e1}
 i - 8 fruits {!e}
 j - 4 chunks of flesh {@w0}
 t - a meat ration {@e2}
 u - 4 beef jerkies
 D - a royal jelly
 O - a slice of pizza


   Skills:
 + Level 9.7(9.5) Fighting
 + Level 16.2(16.0) Polearms
 - Level 2.0(1.8) Throwing
 + Level 11.8(11.6) Dodging


You had 10 spell levels left.
You didn't know any spells.

Dungeon Overview and Level Annotations

Branches:
Dungeon (10/15)            Temple (1/1) D:6
   Lair: D:8-11         Orc: D:9-12

Altars:
Ashenzari
Cheibriados
Dithmenos
Elyvilon
Fedhas
Gozag
Hepliaklqana
Kikubaaqudgha
Makhleb
Nemelex Xobeh
Okawaru
Qazlal
Ru
Sif Muna
Trog
Uskayaw
Vehumet
Xom
Yredelemnul
Zin
The Shining One

Shops:
D:5 }=

Annotations:
D:6 Nico3ck's ghost, novice MiBe


Innate Abilities, Weirdness & Mutations

You revert to your normal form in water.
You are very nimble and swift while swimming.
You are very stealthy in the water. (Stealth+)
Your skin changes colour to match your surroundings (Stealth+).
You are somewhat resistant to further mutation.


Message History

Aim: a two-headed ogre, wielding a giant spiked club and a dire flail You reach to attack!
You hit the two-headed ogre.
Attack whom?
Aim: a two-headed ogre, wielding a giant spiked club and a dire flail (lightly wounded)
You reach to attack!
You slash the two-headed ogre! You puncture the two-headed ogre!
The two-headed ogre barely misses you.
The two-headed ogre hits you with a dire flail!
The wight misses you.
You take 7 damage, and have 70/90 hp.
You now have 10/11 mp.
You puncture the two-headed ogre!
You kill the two-headed ogre!
Attack whom?
Aim: a wight, wielding an enchanted spear and wearing a robe You reach to attack!
You puncture the wight!
You destroy the wight!
No target in view!
Things that are here:
a giant spiked club; a dire flail; a two-headed ogre corpse You butcher the two-headed ogre corpse.
j - 7 chunks of flesh {@w0} (gained 4)
Things that are here:
a giant spiked club; a dire flail
There is an open door, spattered with blood here.
Items here: )) [[ an enchanted spear; a robe; an enchanted great sword; a robe There isn't anything to butcher here.
You start resting.
Some of the chunks of flesh in your inventory have rotted away.
A crimson imp comes into view.
You regained 6 hp, and now have 77/90 hp.
MP restored: 11
There is an open door, spattered with blood here.
Items here: )) [[ an enchanted spear; a robe; an enchanted great sword; a robe The crimson imp closely misses you.
You impale the crimson imp!!
You kill the crimson imp!
Your life force feels restored.
No target in view!
No target in view!
There is an open door, spattered with blood here.
Items here: )) [[ an enchanted spear; a robe; an enchanted great sword; a robe
There is a stone staircase leading down here.
You climb downwards.
The ice beast completely misses you. The ice beast misses you.
A red ugly thing comes into view.
There is a stone staircase leading up here.
You barely miss the ice beast.
The wight hits you with an enchanted short sword.
You feel drained.
You take 5 damage, and have 74/90 hp.
You now have 10/11 mp.
You slash the ice beast! The ice beast misses you.
The wight hits you with an enchanted short sword.
You take 2 damage, and have 72/90 hp.
You closely miss the ice beast.
The ice beast hits you but does no damage.
You slice the ice beast!!
You kill the ice beast!
The wight barely misses you.
You puncture the wight!
You destroy the wight!
You hit the red ugly thing. The red ugly thing misses you.
You hit the red ugly thing but do no damage.
You puncture the red ugly thing! The red ugly thing engulfs you.
You are engulfed in flames!
You take 13 damage, and have 60/90 hp.
You now have 8/11 mp.
You impale the red ugly thing!! The red ugly thing barely misses you.
You closely miss the red ugly thing. The red ugly thing engulfs you.
You are engulfed in flames!!
You take 20 damage, and have 40/90 hp.
MASSIVE DAMAGE!!
You now have 5/11 mp.
You puncture the red ugly thing! You closely miss the red ugly thing.
The red ugly thing barely misses you.
A bullfrog comes into view.
The bullfrog croaks.
You slash the red ugly thing! The red ugly thing engulfs you!
You are engulfed in flames!!
* * * LOW HITPOINT WARNING * * *
You take 32 damage, and have 9/90 hp.
MASSIVE DAMAGE!!
You now have 2/11 mp.
There is a stone staircase leading up here.
Things that are here:
an enchanted short sword; a robe
Aim: a bullfrog You hear a mighty clap of thunder!
The bolt of lightning hits the red ugly thing.
The bolt of lightning misses the bullfrog.
Evoking this partially-identified wand wasted a few charges.
You hear an angry buzzing noise.
You hear a shout! x6
Something shouts, "Abandon hope, thou bumbling earth-vexing hugger-mugger!"
You hear a loud, deep croak!
You hear an angry buzzing noise. x2
You hear a croak.
You hear an angry buzzing noise.
The red ugly thing engulfs you!
* * * LOW HITPOINT WARNING * * *
You are engulfed in flames!!
You die...
Fedhas appreciates your contribution to the ecosystem.

#. ###.#.#####....### #.
#.......###....# ##
#...###(.###.###
...#)..####.......##
#.#...##..........#
#........##...=...#
####..#.....F......###
..##....#..u..........
#.......).##@.....##...
#
.......<####...........
.. .....#............###
#
....###........[####.##
.......................
PP.P.##..##..........###
PP.....<.##.###.....
PPP....#....# #.....
PPP....P..### #......


You could see a red ugly thing and a bullfrog.

Vanquished Creatures
  A centaur warrior (D:9)
  An unseen horror (D:9)
  A troll (D:9)
  3 two-headed ogres
  2 hippogriffs
  A vampire (D:9)
  4 yaks
  A soldier ant (D:9)
  2 porcupines (D:9)
  A sky beast (D:8)
  An eye of draining (D:9)
  4 orc warriors
  2 phantoms
  2 ice beasts
  2 black bears
  6 ogres
  4 centaurs
  Blork the orc (D:6)
  A gnoll sergeant (D:7)
  4 bullfrogs
  4 scorpions
  9 wights
  A howler monkey (D:6)
  5 crimson imps
  A quasit (D:9)
  8 hounds
  2 jellies
  A gnoll shaman (D:6)
  5 orc priests
  Crazy Yiuf (D:7)
  7 orc wizards
  A bullfrog skeleton (D:8)
  A centaur skeleton (D:5)
  2 iguanas
  Ijyb (D:2)
  6 worker ants
  A howler monkey zombie (D:5)
  16 adders
  9 gnolls
  2 shadow imps
  An ooze (D:2)
  3 adder zombies
  3 adder skeletons
  2 worms (D:3)
  5 leopard geckos
  41 orcs
  5 giant cockroaches
  7 goblins
  11 hobgoblins
  5 jackals
  5 kobolds
  6 quokkas
  4 bats
  5 frilled lizards
  A giant cockroach zombie (D:3)
  A jackal skeleton (D:4)
  A leopard gecko skeleton (D:5)
  A quokka skeleton (D:9)
  7 rats
241 creatures vanquished.

Vanquished Creatures (others)
  An orc (D:8)
  13 fungi (D:10)
14 creatures vanquished.

Grand Total: 255 creatures vanquished

Notes
Turn   | Place    | Note
-------+----------+-------------------------------------------
     0 | D:1      | esc the Merfolk Gladiator began the quest for the Orb.
     0 | D:1      | Reached XP level 1. HP: 16/16 MP: 1/1
   221 | D:1      | Reached XP level 2. HP: 23/23 MP: 2/2
   569 | D:1      | HP: 4/23 [gnoll (5)]
   574 | D:1      | Reached skill level 3 in Fighting
   574 | D:1      | Reached XP level 3. HP: 6/29 MP: 1/3
   835 | D:1      | Reached skill level 5 in Polearms
  1027 | D:2      | Found a shadowy altar of Dithmenos.
  1100 | D:2      | Reached XP level 4. HP: 25/35 MP: 4/4
  1413 | D:2      | Noticed Ijyb
  1426 | D:2      | Killed Ijyb
  1426 | D:2      | Reached skill level 5 in Dodging
  1663 | D:2      | Found a bloodstained altar of Trog.
  1805 | D:3      | Reached XP level 5. HP: 35/42 MP: 3/5
  1816 | D:3      | Reached skill level 6 in Polearms
  1831 | D:3      | Reached skill level 4 in Fighting
  1938 | D:3      | Found an iron altar of Okawaru.
  2314 | D:3      | Found a burning altar of Makhleb.
  2825 | D:4      | Reached XP level 6. HP: 48/48 MP: 6/6
  2992 | D:4      | Reached skill level 6 in Dodging
  3241 | D:5      | Entered Level 5 of the Dungeon
  3278 | D:5      | Reached skill level 7 in Polearms
  3527 | D:5      | Reached XP level 7. HP: 51/55 MP: 7/7
  3553 | D:5      | Reached skill level 5 in Fighting
  3568 | D:5      | Found a shimmering altar of Xom.
  3618 | D:5      | Reached skill level 7 in Dodging
  3793 | D:5      | Found Xouh's Gadget Emporium.
  3805 | D:5      | Found Affaguji's Jewellery Boutique.
  4046 | D:5      | Reached skill level 8 in Polearms
  4065 | D:5      | HP: 14/56 [poisoned by an orc wizard]
  4073 | D:5      | HP: 14/56 [poisoned by an orc wizard]
  4740 | D:6      | Reached skill level 9 in Polearms
  4740 | D:6      | Reached XP level 8. HP: 63/63 MP: 8/8
  4806 | D:6      | Found a staircase to the Ecumenical Temple.
  4825 | Temple   | Entered the Ecumenical Temple
  5074 | D:6      | Reached skill level 10 in Polearms
  5210 | D:6      | Noticed Nico3ck's ghost (novice MiBe)
  5584 | D:6      | Reached skill level 11 in Polearms
  5813 | D:6      | Noticed Blork the orc
  5842 | D:6      | Killed Blork the orc
  5985 | D:7      | Reached skill level 12 in Polearms
  6173 | D:6      | Reached XP level 9. HP: 31/68 MP: 4/9
  6179 | D:6      | Reached skill level 13 in Polearms
  6485 | D:7      | Reached skill level 6 in Fighting
  6515 | D:7      | Reached skill level 8 in Dodging
  6588 | D:7      | Found a runed door.
  6612 | D:7      | Noticed Crazy Yiuf
  6614 | D:7      | Killed Crazy Yiuf
  7094 | D:8      | Reached skill level 14 in Polearms
  7220 | D:8      | Found a burning altar of Makhleb.
  7554 | D:8      | Found an opulent altar of Gozag.
  7571 | D:8      | Reached skill level 7 in Fighting
  7826 | D:8      | Reached skill level 9 in Dodging
  7879 | D:8      | Found a glowing silver altar of Zin.
  7881 | D:8      | Noticed a two-headed ogre
  7886 | D:8      | Killed a two-headed ogre
  8205 | D:8      | Reached XP level 10. HP: 79/79 MP: 10/10
  8285 | D:9      | HP: 17/79 [something (7)]
  8287 | D:9      | Found a snail-covered altar of Cheibriados.
  8440 | D:9      | HP: 7/80 [orc warrior/trident of protection (15)]
  8481 | D:9      | Found a hide-covered altar of Uskayaw.
  8502 | D:9      | HP: 20/80 [soldier ant (2)]
  8940 | D:8      | Reached skill level 8 in Fighting
  8940 | D:8      | Reached skill level 10 in Dodging
  9003 | D:9      | Reached skill level 15 in Polearms
  9033 | D:9      | Found a blossoming altar of Fedhas.
  9036 | D:9      | Became a worshipper of Fedhas Madash
  9263 | D:9      | Noticed a centaur warrior
  9266 | D:9      | Gained mutation: Your skin changes colour to match your surroundings (Stealth+). [potion of mutation]
  9266 | D:9      | Gained mutation: You are somewhat resistant to further mutation. [potion of mutation]
  9286 | D:9      | Killed a centaur warrior
  9288 | D:9      | Reached skill level 9 in Fighting
  9288 | D:9      | Reached skill level 11 in Dodging
  9385 | D:9      | HP: 12/83 [orc warrior/trident of protection (9)]
  9394 | D:9      | HP: 5/83 [orc warrior/trident of protection (9)]
  9878 | D:10     | Entered Level 10 of the Dungeon
  9884 | D:10     | Reached XP level 11. HP: 89/89 MP: 11/11
 10023 | D:9      | HP: 18/89 [something (9)]
 10027 | D:9      | Killed an unseen horror
 10027 | D:9      | Reached skill level 16 in Polearms
 10277 | D:10     | Noticed a red ugly thing
 10290 | D:10     | HP: 9/90 [red ugly thing (20)]
 10297 | D:10     | HP: 5/90 [red ugly thing (6)]
 10297 | D:10     | Mangled by a red ugly thing

Vault maps used:
D:1:      ncdulo_halloftheorcs
D:2:      nicolae_dithmenos_shadow_blocks, trog_butcher_becter, uniq_iyjb
D:3:      lemuel_doored_altar, nicolae_overflow_crystal_walls, serial_undead,
          serial_undead_d, serial_undead_e, serial_undead_f, serial_undead_e,
          first_bread
D:4:      serial_glass, glass_columns_c, glass_columns_a, due_unseen_surprise,
          feat_on_display
D:5:      lemuel_round_altar, serial_shops, nicolae_shop_waterfront,
          shop_statue, minivault_4, minmay_holes
D:6:      corexii_shack_village, hangedman_abyss_or_decor_passed,
          uniq_blork_the_orc
D:7:      uniq_crazy_yiuf_cottage
D:8:      grunt_gozag_statues, kennysheep_little_box, basic_altar,
          grunt_ministairs_15
D:9:      minmay_bloctagon, lemuel_round_altar, eat_drink_and_be_merry_uskayaw,
          kennysheep_mini_moat
D:10:     due_lair_maze_entry_diamond, minmay_orc_entry_temple_small,
          hangedman_pestilent_swarm, lemuel_old_faithful
Temple:   minmay_temple_bridge_abc

Skill      XL: |  1  2  3  4  5  6  7  8  9 10 11 |
---------------+----------------------------------+-----
Fighting       | 3 4 5 7 9 |  9.7
Polearms       | 5 6 7 9 12 14 15 16 | 16.2
Dodging        | 5 6 7 9 11 | 11.8
Throwing       | |  2.0

Action                   |  1- 3 |  4- 6 |  7- 9 | 10-12 || total
-------------------------+-------+-------+-------+-------++-------
Melee: Trident           |    54 |   229 |   336 |       ||   619
       Halberd           |    10 |       |   155 |   269 ||   434
Throw: Throwing net      |       |       |     1 |     3 ||     4
Evoke: Wand              |       |       |     2 |     4 ||     6
  Use: Scroll            |       |       |    17 |     5 ||    22
       Potion            |       |       |     1 |     3 ||     4
 Stab: Sleeping          |       |     4 |     3 |     1 ||     8
       Distracted        |       |     2 |     1 |     1 ||     4
  Eat: Chunk             |     1 |     7 |    14 |     5 ||    27
       Pizza             |       |       |     1 |       ||     1
       Royal jelly       |       |       |       |     1 ||     1
Armor: Leather armour    |     8 |    26 |    62 |    61 ||   157
Dodge: Dodged            |    43 |   110 |   269 |   188 ||   610

Vault maps used:
D:1:      ncdulo_halloftheorcs
D:2:      nicolae_dithmenos_shadow_blocks, trog_butcher_becter, uniq_iyjb
D:3:      lemuel_doored_altar, nicolae_overflow_crystal_walls, serial_undead,
          serial_undead_d, serial_undead_e, serial_undead_f, serial_undead_e,
          first_bread
D:4:      serial_glass, glass_columns_c, glass_columns_a, due_unseen_surprise,
          feat_on_display
D:5:      lemuel_round_altar, serial_shops, nicolae_shop_waterfront,
          shop_statue, minivault_4, minmay_holes
D:6:      corexii_shack_village, hangedman_abyss_or_decor_passed,
          uniq_blork_the_orc
D:7:      uniq_crazy_yiuf_cottage
D:8:      grunt_gozag_statues, kennysheep_little_box, basic_altar,
          grunt_ministairs_15
D:9:      minmay_bloctagon, lemuel_round_altar, eat_drink_and_be_merry_uskayaw,
          kennysheep_mini_moat
D:10:     due_lair_maze_entry_diamond, minmay_orc_entry_temple_small,
          hangedman_pestilent_swarm, lemuel_old_faithful
Temple:   minmay_temple_bridge_abc

Table legend:
 A = Turns spent in this place as a percentage of turns spent in the entire game.
 B = Non-inter-level travel turns spent in this place as a percentage of non-inter-level travel turns spent in the entire game.
 C = Inter-level travel turns spent in this place as a percentage of turns spent in this place.
 D = Turns resting spent in this place as a percentage of non-inter-level travel turns spent in this place.
 E = Turns spent auto-exploring this place as a percentage of non-inter-level travel turns spent in this place.
 F = Non-inter-level travel turns spent in this place divided by the number of levels of this place that you've seen.
                   A       B       C       D       E      F
               +-------+-------+-------+-------+-------+----------------------
         Total | 100.0 | 100.0 |   0.5 |   2.9 |   7.5 | 273.5
       Dungeon |  99.2 |  99.2 |   0.5 |   2.9 |   7.3 | 298.3
        Temple |   0.8 |   0.8 |   0.0 |   0.0 |  40.0 |  25.0
               +-------+-------+-------+-------+-------+----------------------

Table legend:
 A = Kills in this place as a percentage of kills in entire the game.
 B = Kills by you in this place as a percentage of kills by you in the entire game.
 C = Kills by friends in this place as a percentage of kills by friends in the entire game.
 D = Other kills in this place as a percentage of other kills in the entire game.
 E = Experience gained in this place as a percentage of experience gained in the entire game.
 F = Experience gained in this place divided by the number of levels of this place that you have seen.
                   A       B       C       D       E      F
               +-------+-------+-------+-------+-------+----------------------
         Total | 100.0 | 100.0 |  -nan |  -nan | 100.0 | 1029.9
       Dungeon | 100.0 | 100.0 |  -nan |  -nan | 100.0 | 1132.9
               +-------+-------+-------+-------+-------+----------------------
